 Dungeon Crawl Stone Soup version 0.27-a0-668-gb5737ff2c0 (webtiles) character file.

Game seed: 5552612214950153740

305 tilp the Insei (level 6, -3/43 HPs)
             Began as an Octopode Transmuter on Mar 17, 2021.
             Killed from afar by an orc wizard (8 damage)
             ... with a magic dart
             ... on level 4 of the Dungeon.
             The game lasted 00:06:37 (4522 turns).

tilp the Insei (Octopode Transmuter)                Turns: 4522, Time: 00:06:37

Health: -3/43      AC:  1    Str: 10    XL:     6   Next: 39%
Magic:  8/9        EV: 13    Int: 17    God:
Gold:   32         SH:  0    Dex: 12    Spells: 6/9 levels left

rFire    . . .     SeeInvis .     - Unarmed
rCold    . . .     Faith    .   (no shield)
rNeg     . . .     Spirit   .   (helmet currently unavailable)
rPois    .         Reflect  .   (no amulet)
rElec    .         Harm     .   (no ring)
rCorr    .         Rampage  .   (no ring)
Will     .....                  (no ring)
Stlth    ++........             (no ring)
HPRegen  0.14/turn              (no ring)
MPRegen  0.11/turn              (no ring)
                                (no ring)
                                (no ring)

@: confused, appendages
A: tentacle spike 3, almost no armour, amphibious, 8 rings, camouflage 1,
gelatinous body 1, nimble swimmer 1, tentacles
a: End Transformation


You were on level 4 of the Dungeon.
One of your tentacles had grown a beastly spike.
You visited 1 branch of the dungeon, and saw 4 of its levels.

You collected 144 gold pieces.
You spent 112 gold pieces at shops.

Inventory:

Missiles
 a - 4 boomerangs
 c - 37 poisoned darts (quivered)
Scrolls
 f - 3 scrolls of identify
 g - a scroll of immolation {unknown}
Potions
 b - 3 potions of attraction
 d - a potion of resistance {unknown}
 h - a potion of magic


   Skills:
 - Level 4.0 Fighting
 - Level 2.0 Dodging
 - Level 4.0 Stealth
 + Level 4.8 Unarmed Combat
 - Level 2.0 Spellcasting
 - Level 2.0 Transmutations


You had 6 spell levels left.
You knew the following spells:

 Your Spells              Type           Power      Damage    Failure   Level
a - Beastly Appendage     Tmut           16%        N/A       9%          1
b - Wereblood             Tmut           8%         N/A       13%         2

Your spell library contained the following spells:

 Spells                   Type           Power      Damage    Failure   Level
 Spider Form              Tmut/Pois      2%         N/A       36%         3
 Confusing Touch          Hex            1%         N/A       50%         3
 Gell's Gravitas          Tloc           0%         N/A       50%         3
 Ice Form                 Ice/Tmut       5%         N/A       77%         4
 Petrify                  Tmut/Erth      5%         N/A       77%         4
 Blade Hands              Tmut           4%         N/A       93%         5
 Yara's Violent Unravell  Hex/Tmut       2%         3d3       98%         5
 Metabolic Englaciation   Hex/Ice        0%         N/A       99%         5


Dungeon Overview and Level Annotations

Branches:
Dungeon (4/15)
 Temple: D:4-7

Altars:

Shops:
D:2 !

Annotations:
D:4 1 runed translucent door, exclusion: ogre


Innate Abilities, Weirdness & Mutations

One of your tentacles has grown a beastly spike.
You cannot wear most types of armour.
You are amphibious.
You can wear up to eight rings at the same time.
Your skin changes colour to match your surroundings (Stealth+).
Your rubbery body absorbs attacks. (AC +1, EV +1)
You are stealthy while swimming. (Stealth+)
You have tentacles for arms and can constrict up to eight enemies at once.


Message History

Unknown command.
You are confused.
You feel invigorated. Something hits you.
* * * LOW HITPOINT WARNING * * *
Unknown command.
You bump into the rock wall.
Something hits you.
* * * LOW HITPOINT WARNING * * *
You're too confused to move!
Something hits you.
* * * LOW HITPOINT WARNING * * *
You miss something. Something hits you.
* * * LOW HITPOINT WARNING * * *
You bump into the rock wall.
You feel less invigorated.
You feel less confused. Something hits you.
* * * LOW HITPOINT WARNING * * *
You tentacle-slap something but do no damage.
Something hits you.
* * * LOW HITPOINT WARNING * * *
You closely miss something. Something hits you but does no damage.
You barely miss something. Your squeeze misses something.
Something barely misses you.
Casting: Wereblood (safe; 13% risk of failure)
Confirm with . or Enter, or press ? or * to list all spells.
One of your tentacles grows a vicious spike.
You hear some strange, mumbled words.
A magic dart appears from out of thin air!
The magic dart hits you!
* * * LOW HITPOINT WARNING * * *
You miss something.
You hear some strange, mumbled words.
You are confused.
Something barely misses you.
Things that are here:
a +0 flail of protection; an orc corpse Unknown command.
You're too confused to move!
You hear some strange, mumbled words.
A magic dart appears from out of thin air!
The magic dart hits you!
You die...

....(.#..#..#...#
....#...###.....#
....##.......#.##
.####.....#....#
##..#.....#..#
#..###...###.#
#...#..#..#.)#
####.....###...##
#..@{..### #####
#.#)###### ..
#..o...# ##
#..).#.# ###..#
#..! ####


There were no monsters in sight!

Vanquished Creatures
  A hound (D:3)
  An orc priest (D:4)
  An orc wizard (D:3)
  A worker ant (D:4)
  4 gnolls (D:3)
  9 adders
  An ooze (D:3)
  An adder skeleton (D:3)
  2 dart slugs
  3 leopard geckos
  9 orcs
  2 ball pythons
  3 giant cockroaches
  5 goblins
  6 hobgoblins
  3 kobolds
  7 bats
  3 frilled lizards
  7 rats
69 creatures vanquished.

Notes
Turn   | Place    | Note
-------+----------+-------------------------------------------
     0 | D:1      | tilp the Octopode Transmuter began the quest for the Orb.
     0 | D:1      | Reached XP level 1. HP: 13/13 MP: 3/3
    61 | D:1      | Reached skill level 1 in Stealth
   480 | D:1      | Reached XP level 2. HP: 15/18 MP: 1/5
   643 | D:1      | Learned a level 2 spell: Wereblood
  1135 | D:2      | Reached XP level 3. HP: 23/23 MP: 4/6
  1453 | D:2      | Found Gyskol's Distillery.
  1459 | D:2      | Bought a potion of heal wounds for 70 gold pieces
  1491 | D:2      | Reached XP level 4. HP: 25/30 MP: 5/7
  1624 | D:2      | HP: 1/30 [poisoned by an adder]
  2315 | D:3      | Reached XP level 5. HP: 30/36 MP: 6/8
  3629 | D:2      | Bought a potion of curing for 42 gold pieces
  3683 | D:4      | Noticed an ogre
  3705 | D:4      | Reached XP level 6. HP: 39/43 MP: 6/9
  3837 | D:3      | HP: 2/43 [something (8)]
  4277 | D:4      | Found a runed translucent door.
  4509 | D:4      | HP: 1/43 [something/puff of flame (9)]
  4522 | D:4      | Killed from afar by an orc wizard

Illustrated notes

Levels and vault maps discovered:
D:1:      minmay_arrival_shattered_statue, layout_basic, serial_bayou_pond_e
D:2:      layout_basic, serial_shops, nicolae_shop_stone,
          minmay_misc_feat_encased, serial_park_tiny_1,
          kennysheep_generic_room_14
D:3:      layout_loops_corners
D:4:      layout_basic, ebering_ghost_sewer_d, minmay_strange_pillars

Skill      XL: |  1  2  3  4  5 |
---------------+----------------+-----
Stealth        | 2 3 4 |  4.0
Fighting       | 2 3 4 |  4.0
Unarmed Combat | 4 |  4.8
Dodging        | |  2.0
Spellcasting   | |  2.0
Transmutations | |  2.0

Action                   |  1- 3 |  4- 6 || total
-------------------------+-------+-------++-------
Melee: Unarmed           |    67 |   126 ||   193
       Constrict         |    18 |    31 ||    49
       Tentacles         |    10 |    21 ||    31
       Kick              |    11 |    26 ||    37
       Punch             |     1 |     1 ||     2
Throw: Dart              |       |    13 ||    13
 Cast: Beastly Appendage |    16 |    22 ||    38
       Wereblood         |     3 |     7 ||    10
  Use: Scroll            |     4 |     2 ||     6
       Potion            |       |     4 ||     4
 Stab: Sleeping          |     5 |    11 ||    16
Armor: Skin              |    11 |     4 ||    15
Dodge: Dodged            |    40 |    63 ||   103

Table legend: (Time is in decaauts)
 A = Elapsed time spent in this place.
 B = Non-inter-level travel time spent in this place.
 C = Inter-level travel time spent in this place.
 D = Time resting spent in this place.
 E = Time spent auto-exploring this place.
 F = Levels seen in this place.
 G = Mean time per level.
                   A        B        C        D        E       F      G
               +--------+--------+--------+--------+--------+-----+--------+
         Total |   4511 |   4297 |    214 |    839 |   2828 |   4 | 1127.8 |
       Dungeon |   4511 |   4297 |    214 |    839 |   2828 |   4 | 1127.8 |
               +--------+--------+--------+--------+--------+-----+--------+

Top non-repeatable levels by time:
     D:3: 1758 daAuts
     D:1: 1183 daAuts
     D:2: 1006 daAuts
     D:4: 562 daAuts
